 Dungeon Crawl Stone Soup version 0.16.2-12-gd0ad4c3 (webtiles) character file.

6192 musteatbrain the Covert (level 11, -2/56 HPs)
             Began as a Kobold Enchanter on Sept 30, 2015.
             Was a Believer of Okawaru.
             Slain by a troll (8 damage)
             ... on level 9 of the Dungeon.
             The game lasted 00:48:56 (11131 turns).

musteatbrain the Covert (Kobold Enchanter)         Turns: 11131, Time: 00:48:56

Health: -2/56      AC: 10    Str:  3 (6)  XL:     11   Next: 14%
Magic:  15/17      EV: 26    Int: 14 (15) God:    Okawaru [**....]
Gold:   470        SH:  0    Dex: 21      Spells: 2 memorised, 9 levels left

rFire  . . .     SeeInvis .     m - +4 dagger (speed)
rCold  . . .     Rnd*Rage +     b - +1 robe
rNeg   . . .     SustAb   .     (no shield)
rPois  .         Gourm    .     o - +1 helmet
rElec  .         Spirit   .     h - +0 cloak
rCorr  .         Warding  .     q - +0 pair of gloves
rMut   .         Stasis   .     (no boots)
MR     .....                    (no amulet)
Stlth  +++++++...               p - +3 ring of protection
                                e - +2 ring of intelligence

@: very slightly contaminated, not resistant to hostile enchantments, extremely
stealthy
A: berserk 1, carnivore 3, deterioration 1
a: Heroism, Renounce Religion


You were on level 9 of the Dungeon.
You worshipped Okawaru.
Okawaru was pleased with you.
You were not hungry.

You visited 2 branches of the dungeon, and saw 10 of its levels.

You collected 652 gold pieces.
You spent 182 gold pieces at shops.

Inventory:

Hand weapons
 f - the +10 long sword of Bloody Death {freeze, -Tele rPois Dex+7}
   (You found it on level 5 of the Dungeon)

   It has been specially enchanted to freeze those struck by it, causing extra
   injury to most foes and up to half again as much damage against particularly
   susceptible opponents.
   It can also slow down cold-blooded creatures.
   It affects your dexterity (+7).
   It protects you from poison.
   It prevents most forms of teleportation.
 m - a +4 dagger of speed (weapon)
Armour
 b - a +1 robe (worn)
 h - a +0 cloak (worn)
 o - a +1 helmet (worn)
 q - a +0 pair of gloves (worn)
Jewellery
 e - a +2 ring of intelligence (left hand)
 j - an uncursed ring of fire
 p - a +3 ring of protection (right hand)
Magical devices
 a - a wand of flame (12)
 g - a wand of disintegration (13)
 l - a wand of fireball (6)
 r - a wand of magic darts (20)
 u - a wand of fire (2)
Scrolls
 k - 4 scrolls of remove curse
 s - a scroll of amnesia
 w - a scroll of teleportation {unknown}
 x - a scroll of magic mapping
 y - 2 scrolls of identify
Potions
 t - a potion of curing
 A - a potion of haste {unknown}
Books
 c - a book of Maledictions

   Spells                             Type                      Level
   a - Corona                         Hexes                        1
   b - Sure Blade                     Hexes/Charms                 2
   c - Ensorcelled Hibernation        Hexes/Ice                    2
   d - Confuse                        Hexes                        3
   e - Dazzling Spray                 Conjuration/Hexes            3
   f - Enslavement                    Hexes                        4
 i - a book of Annihilations {highlevel}

   This book is beyond your current level of understanding.

   Spells                             Type                      Level
   a - Poison Arrow                   Conjuration/Poison           6
   b - Chain Lightning                Conjuration/Air              8
   c - Lehudib's Crystal Spear        Conjuration/Earth            8
   d - Glaciate                       Conjuration/Ice              9
   e - Fire Storm                     Conjuration/Fire             9
Comestibles
 d - 5 meat rations
 n - 2 slices of pizza
 v - a beef jerky
 z - 5 chunks of flesh


   Skills:
 + Level 1.3 Fighting
 + Level 11.8 Short Blades
 + Level 11.3 Dodging
 + Level 13.2 Stealth
 - Level 2.0 Spellcasting
 - Level 3.0 Hexes


You had 9 spell levels left.
You knew the following spells:

 Your Spells              Type           Power        Failure   Level  Hunger
b - Ensorcelled Hibernat  Hex/Ice        #.....       21%         2    ###....
c - Confuse               Hex            #.......     21%         3    ####...


Dungeon Overview and Level Annotations

Branches:
Dungeon (9/15)             Temple (1/1) D:7
   Lair: D:8-11         Orc: D:9-12

Altars:
Ashenzari
Cheibriados
Dithmenos
Elyvilon
Fedhas
Gozag
Kikubaaqudgha
Makhleb
Nemelex Xobeh
Okawaru
Qazlal
Ru
Sif Muna
Trog
Vehumet
Xom
Yredelemnul
Zin
The Shining One

Shops:
D:4 [

Annotations:
D:8 exclusion: 2 oklob saplings


Innate Abilities, Weirdness & Mutations

You are small and have problems with some larger weapons.
You are carnivorous and can eat meat at any time.
You tend to lose your temper in combat.
Your body is slowly deteriorating.


Message History

The troll claws you!
A wolf comes into view.
The troll closely misses you. The troll completely misses you.
The troll closely misses you.
The electric eel shoots out a bolt of lightning at you!
The bolt of electricity misses you. The troll bites you but does no damage.
The troll claws you but does no damage. The troll misses you.
The wolf closely misses you. The wolf misses you.
The wolf completely misses you.
Casting: Ensorcelled Hibernation
Confirm with . or Enter, or press ? or * to list all spells.
Aiming: Ensorcelled Hibernation
Press: ? - help, Shift-Dir - straight line, f - troll
Aim: a troll (chance 37%)
You miscast Ensorcelled Hibernation.
You are very lightly contaminated with residual magic.
Nothing appears to happen.
The wolf completely misses you. The troll bites you!
* * * LOW HITPOINT WARNING * * *
The troll claws you!
You die...

##......#####...............####.
...###.## #..............#####.
..## #..#####....###............≈
...###.†).##.....##.....≈.≈.≈..≈≈
........................≈≈≈..≈≈≈≈
.#....###.................≈≈.≈≈≈≈
......# ##......h)..##.h.≈≈≈≈≈≈≈≈
.....## ##......Thh.##..≈≈≈≈≈≈.≈≈
......##..###...@###.#..h≈≈≈h≈...
.........# #....# #......h..h..
.#......## ##..## #...;≈≈≈≈≈..
.##..##..# ##..# ....h..≈≈≈≈
.##..##..# ##...# #....≈≈≈≈≈≈
.##......###..#...# ....≈≈
.##...)......####...#
.#.#####.....# ..... ... #..#..#
..#


You could see a troll, a wolf and 2 hounds.

Vanquished Creatures
  Pikel (D:9)
  The ghost of Kharon the Thaumaturge, an experienced DEFE (D:7)
  A two-headed ogre (D:9)
  Grinder (D:6)
  2 wandering mushrooms (D:8)
  6 yaks (D:9)
  A wyvern (D:9)
  2 hungry ghosts
  Edmund (D:5)
  A hippogriff (D:7)
  3 ice beasts
  3 sky beasts
  3 ogres
  4 slaves (D:9)
  2 black bears (D:8)
  A centaur (D:8)
  2 giant frogs
  Duvessa (D:5)
  11 killer bees
  5 scorpions
  A goliath beetle (D:6)
  Dowan (D:5)
  A centaur zombie (D:9)
  2 iguanas
  A quasit (D:5)
  A gnoll shaman (D:6)
  4 hounds
  2 crimson imps (D:6)
  Crazy Yiuf (D:7)
  A centaur skeleton (D:5)
  2 giant frog skeletons
  4 orc wizards
  2 worker ants
  Ijyb (D:6)
  2 hound zombies
  3 gnolls (D:6)
  9 adders
  A giant mite (D:1)
  2 worms
  An adder skeleton (D:8)
  2 giant geckos (D:2)
  An ooze (D:4)
  17 orcs
  2 ball pythons
  12 giant cockroaches
  13 hobgoblins
  13 jackals
  12 kobolds
  7 quokkas
  10 bats
  A giant gecko skeleton (D:4)
  6 giant newts
  10 goblins
  2 jackal skeletons
  A quokka skeleton (D:6)
  18 rats
221 creatures vanquished.

Vanquished Creatures (others)
  A quokka (D:5)
1 creature vanquished.

Grand Total: 222 creatures vanquished

Notes
Turn   | Place    | Note
--------------------------------------------------------------
     0 | D:1      | musteatbrain, the Kobold Enchanter, began the quest for the Orb.
     0 | D:1      | Reached XP level 1. HP: 10/10 MP: 3/3
   246 | D:1      | Reached XP level 2. HP: 15/15 MP: 4/4
   639 | D:1      | Learned a level 2 spell: Ensorcelled Hibernation
   658 | D:1      | Reached XP level 3. HP: 19/19 MP: 6/6
   731 | D:1      | Learned a level 3 spell: Confuse
  1803 | D:2      | Reached XP level 4. HP: 8/24 MP: 1/7
  2237 | D:3      | Noticed a hungry ghost
  2309 | D:3      | Killed a hungry ghost
  2309 | D:3      | Reached skill level 5 in Stealth
  2309 | D:3      | Reached XP level 5. HP: 14/28 MP: 9/9
  2309 | D:3      | Reached XP level 6. HP: 16/32 MP: 10/10
  2641 | D:3      | Found a deep blue altar of Sif Muna.
  2790 | D:3      | Reached skill level 6 in Stealth
  3109 | D:4      | Reached skill level 5 in Dodging
  3191 | D:4      | You fall through a shaft!
  3191 | D:5      | Entered Level 5 of the Dungeon
  3600 | D:5      | Noticed Edmund
  3618 | D:4      | Reached skill level 5 in Short Blades
  3618 | D:4      | Reached XP level 7. HP: 33/36 MP: 12/12
  4029 | D:4      | Found Plushriown's Antique Armour Boutique.
  4038 | D:4      | Bought a heavily runed leather armour for 182 gold pieces
  4048 | D:4      | Identified the cursed -5 leather armour of Watchfulness {Contam rElec rN+ MP+9} (You bought it in a shop on level 4 of the Dungeon)
  4062 | D:4      | Gained mutation: Your body is slowly deteriorating. [mutagenic glow]
  4734 | D:4      | Reached skill level 7 in Stealth
  5233 | D:5      | Got a slimy quarterstaff
  5362 | D:5      | Noticed Duvessa
  5363 | D:5      | Noticed Dowan
  5395 | D:5      | Killed Edmund
  5436 | D:5      | Killed Duvessa
  5446 | D:5      | Killed Dowan
  5542 | D:5      | Identified the cursed -1 quarterstaff of Brorghyca {flame, MP+9 SInv} (You found it on level 5 of the Dungeon)
  5712 | D:5      | Got a pitted long sword
  6113 | D:5      | Reached XP level 8. HP: 27/41 MP: 2/13
  6144 | D:5      | Reached skill level 8 in Stealth
  6285 | D:6      | Noticed Grinder
  6323 | D:5      | HP: 2/41 [ice beast (14)]
  6359 | D:5      | Identified the +10 long sword of Bloody Death {freeze, -Tele rPois Dex+7} (You found it on level 5 of the Dungeon)
  6371 | D:6      | Noticed Ijyb
  6381 | D:6      | Killed Ijyb
  6893 | D:6      | Reached skill level 9 in Stealth
  6956 | D:6      | Killed Grinder
  6956 | D:6      | Reached XP level 9. HP: 45/45 MP: 14/14
  7591 | D:7      | Noticed Crazy Yiuf
  7597 | D:7      | Killed Crazy Yiuf
  7774 | D:7      | Reached skill level 10 in Stealth
  7905 | D:7      | Noticed Kharon's ghost (experienced DEFE)
  8055 | D:7      | Found a glowing silver altar of Zin.
  8073 | D:7      | Identified a scroll of acquirement
  8084 | D:7      | HP: 2/45 [poisoned by a killer bee]
  8738 | D:7      | Killed Kharon's ghost
  8738 | D:7      | Reached skill level 11 in Stealth
  8807 | D:7      | Found a staircase to the Ecumenical Temple.
  8811 | Temple   | Entered the Ecumenical Temple
  8899 | Temple   | Became a worshipper of Warmaster Okawaru
  9010 | D:8      | Found a bloodstained altar of Trog.
  9028 | D:8      | Reached XP level 10. HP: 50/50 MP: 13/16
  9081 | D:8      | Reached skill level 10 in Short Blades
  9181 | D:8      | Reached skill level 10 in Dodging
  9551 | D:8      | Gained mutation: You tend to lose your temper in combat. [mutagenic meat]
  9802 | D:8      | Noticed a wandering mushroom
  9813 | D:8      | Killed a wandering mushroom
  9813 | D:8      | Reached skill level 12 in Stealth
  9817 | D:8      | Noticed a wandering mushroom
  9827 | D:8      | Killed a wandering mushroom
  9943 | D:8      | Found a blossoming altar of Fedhas.
  9943 | D:8      | Noticed a wandering mushroom
  9943 | D:8      | Noticed a wandering mushroom
 10222 | D:8      | Got a bloodstained halberd
 10237 | D:8      | Acquired Okawaru's first power
 10732 | D:9      | Noticed Pikel
 10737 | D:9      | Reached XP level 11. HP: 48/54 MP: 9/17
 10789 | D:9      | Killed Pikel
 10789 | D:9      | Reached skill level 13 in Stealth
 10980 | D:9      | Reached skill level 1 in Fighting
 11131 | D:9      | Slain by a troll

Action                   |  1- 3 |  4- 6 |  7- 9 | 10-12 || total
-------------------------+-------+-------+-------+-------++-------
Melee: Dagger            |   100 |   265 |   197 |   162 ||   724
       Long sword        |       |       |   137 |    88 ||   225
 Cast: Ensorcelled Hiber |     8 |     7 |    26 |    24 ||    65
       Confuse           |       |       |     6 |       ||     6
  Use: Potion            |     1 |       |     9 |       ||    10
       Scroll            |       |       |    17 |     2 ||    19
 Stab: Sleeping          |    14 |    14 |    25 |    18 ||    71
       Distracted        |       |       |     3 |     3 ||     6
  Eat: Chunk             |     4 |     6 |    17 |    12 ||    39
       Meat ration       |       |     1 |     1 |       ||     2
       Royal jelly       |       |       |     1 |       ||     1
